 Dungeon Crawl Stone Soup version 0.29-a0-322-g68df515428 (webtiles) character file.

Game seed: 2488699047793135461

25 calli0pe the Skirmisher (level 3, 0/29 HPs)
             Began as a Human Berserker on Apr 6, 2022.
             Was a Follower of Trog.
             Slain by a kobold
             ... wielding a +0 short sword
              (5 damage)
             ... on level 3 of the Dungeon.
             The game lasted 00:06:33 (1423 turns).

calli0pe the Skirmisher (Human Berserker)           Turns: 1423, Time: 00:06:33

Health: 0/29       AC:  9    Str: 19    XL:     3   Next: 20%
Magic:  3/3        EV:  8    Int: 13    God:    Trog [*.....]
Gold:   85         SH:  0    Dex: 12    Spells: 2/2 levels left

rFire   . . .      SeeInvis +   a - +0 falchion
rCold   . . .      Faith    .   (no shield)
rNeg    . . .      Spirit   .   n - +0 chain mail
rPois   .          Reflect  .   (no helmet)
rElec   .          Harm     .   (no cloak)
rCorr   .          Rampage  .   t - +0 pair of gloves
Will    .....                   (no boots)
Stlth   ..........              (no amulet)
HPRegen 0.09/turn               j - ring of see invisible
MPRegen 0.08/turn               v - +6 ring of intelligence

@: no status effects
A: no striking features
a: Renounce Religion, Berserk


You were on level 3 of the Dungeon.
You worshipped Trog.
Trog was aware of your devotion.
You visited 1 branch of the dungeon, and saw 3 of its levels.

You collected 85 gold pieces.

Inventory:

Hand Weapons
 a - a +0 falchion (weapon)
 l - a +0 club
 r - a +0 short sword
 y - a +0 club
 B - a +0 hand axe
 D - a +0 club
Armour
 b - a +0 animal skin
 n - a +0 chain mail (worn)
 p - a +0 robe
 t - a +0 pair of gloves (worn)
Jewellery
 j - a ring of see invisible (left hand)
 v - a +6 ring of intelligence (right hand)
Wands
 o - a wand of iceblast (6)
Scrolls
 c - a scroll of enchant weapon {unknown}
 e - a scroll of amnesia {unknown}
 f - 2 scrolls of immolation {unknown}
 h - a scroll of teleportation {unknown}
 i - a scroll of fear {unknown}
 q - a scroll of fog {unknown}
 s - a scroll of brand weapon {unknown}
 u - a scroll of enchant armour {unknown}
 x - a scroll of identify {unknown}
Potions
 d - a potion of lignification {unknown}
 g - a potion of flight {unknown}
 k - a potion of cancellation {unknown}
 m - a potion of heal wounds {unknown}
 w - 2 potions of degeneration {unknown}
 z - a potion of haste {unknown}
 A - a potion of might {unknown}
 C - a potion of berserk rage {unknown}


   Skills:
 + Level 3.4 Fighting
 + Level 3.4 Long Blades
 + Level 2.1 Armour
 + Level 2.2 Dodging


You had 2 spell levels left.
You didn't know any spells.
Your spell library was empty.

Dungeon Overview and Level Annotations

Branches:
Dungeon (3/15)

Altars:

Shops:
D:1 [


Message History

The gnoll is lightly wounded.
The gnoll hits you but does no damage. The gnoll hits you with a +0 spear.
You hit the gnoll but do no damage.
The gnoll is lightly wounded.
The gnoll hits you from afar with a +0 spear.
The gnoll hits you with a +0 spear. x2
The gnoll hits you from afar with a +0 spear.
* * * LOW HITPOINT WARNING * * *
You hit the gnoll but do no damage.
The gnoll is lightly wounded.
The gnoll hits you but does no damage. The gnoll barely misses you.
You barely miss the gnoll.
The gnoll is lightly wounded.
The gnoll hits you from afar with a +0 spear.
* * * LOW HITPOINT WARNING * * *
The gnoll hits you but does no damage.
You hit the gnoll.
The gnoll is moderately wounded.
The gnoll closely misses you. The gnoll hits you but does no damage.
Found a hunting sling.
A kobold and an endoplasm come into view.
The endoplasm quivers.
A bat comes into view.
The bat hits you but does no damage. The bat barely misses you.
You miss the bat. The bat hits you but does no damage.
The endoplasm hits you but does no damage.
The bat barely misses you. The endoplasm hits you.
* * * LOW HITPOINT WARNING * * *
The bat completely misses you.
The kobold hits you with a +0 short sword.
* * * LOW HITPOINT WARNING * * *
The kobold attacks as you move away! The kobold hits you but does no damage.
The bat barely misses you. The kobold attacks as you move away!
The kobold hits you but does no damage. The bat hits you but does no damage.
The bat hits you but does no damage. The kobold attacks as you move away!
The kobold hits you with a +0 short sword.
You die...

.#.. . ... .#.. #
... #######.# #####
###.##....... #..$
..........## #
#.########....g..#.#
...........g.gJK@..#
#.#######..)...b...#
...# #..........#
.#..# ##.......#.# #
#.# #......##.# .#
#.#....# .# ##
#.##.#.# # #.##....


You could see 3 gnolls, an endoplasm, a bat and a kobold.

Vanquished Creatures
  An adder (D:2)
  4 ball pythons
  An endoplasm (D:1)
  A giant cockroach (D:2)
  A quokka (D:1)
  3 bats
  A frilled lizard (D:1)
  2 goblins
  3 rats (D:2)
17 creatures vanquished.

Notes
Turn   | Place    | Note
-------+----------+-------------------------------------------
     0 | D:1      | calli0pe the Human Berserker began the quest for the Orb.
     0 | D:1      | Reached XP level 1. HP: 18/18 MP: 1/1
   428 | D:1      | Reached XP level 2. HP: 24/24 MP: 2/2
   563 | D:1      | Found Rumued's Armour Emporium.
   823 | D:2      | Reached XP level 3. HP: 12/29 MP: 3/3
  1423 | D:3      | Slain by a kobold

Illustrated notes

Levels and vault maps discovered:
D:1:      dpeg_arrival_three_bigger_balls, layout_basic,
          hellmonk_ecumenical_altar_run_dry, serial_shops, nicolae_shop_trees,
          minivault_11
D:2:      layout_loops_ring, serial_rivers, chequers_serial_rivers_micro_d,
          chequers_serial_rivers_small_3, chequers_serial_rivers_micro_e,
          chequers_serial_rivers_marsh, chequers_serial_rivers_marsh,
          chequers_serial_rivers_micro_b
D:3:      layout_loops_ring, fiery_altar_vehumet, uniq_natasha

Action                   || total
-------------------------++-------
Melee: Falchion          ||    62
       Punch             ||     1
Armor: Animal skin       ||     6
       Chain mail        ||    67
Dodge: Dodged            ||    43

Table legend: (Time is in decaauts)
 A = Elapsed time spent in this place.
 B = Non-inter-level travel time spent in this place.
 C = Inter-level travel time spent in this place.
 D = Time resting spent in this place.
 E = Time spent auto-exploring this place.
 F = Levels seen in this place.
 G = Mean time per level.
                   A        B        C        D        E       F      G
               +--------+--------+--------+--------+--------+-----+--------+
         Total |   1446 |   1446 |      0 |      0 |      0 |   3 |  482.0 |
       Dungeon |   1446 |   1446 |      0 |      0 |      0 |   3 |  482.0 |
               +--------+--------+--------+--------+--------+-----+--------+

Top non-repeatable levels by time:
     D:2: 702 daAuts
     D:1: 670 daAuts
     D:3: 74 daAuts
